 Dungeon Crawl Stone Soup version 0.31-a0-219-g8d62b2e7bb (webtiles) character file.

Game seed: 1291439251979134088

44 pokeman the Magician (level 3, 0/20 HPs)
             Began as a Deep Elf Hedge Wizard on July 3, 2023.
             Slain by a crimson imp (3 damage)
             ... on level 3 of the Dungeon.
             The game lasted 00:02:46 (2055 turns).

pokeman the Magician (Deep Elf Hedge Wizard)        Turns: 2055, Time: 00:02:47

Health: 0/20       AC:  2    Str:  7    XL:     3   Next: 39%
Magic:  4/11       EV: 12    Int: 24    God:
Gold:   119        SH:  0    Dex: 16    Spells: 4/12 levels left

rFire   . . .        a - +1 demon whip (venom)
rCold   . . .        (no shield)
rNeg    . . .        b - +0 robe
rPois   .            c - +0 hat
rElec   .            (no cloak)
rCorr   +            (no gloves)
SInv    .            (no boots)
Will    .....        (no amulet)
Stlth   +            n - ring of Syndicalism {Wiz rCorr Int+4 Dex+2 Stlth-}
HPRegen 0.23/turn    (no ring)
MPRegen 0.12/turn

%: wizardry (x1)
@: no status effects
A: no striking features
a: no special abilities


You were on level 3 of the Dungeon.
You visited 1 branch of the dungeon, and saw 3 of its levels.

You collected 119 gold pieces.

Inventory:

Hand Weapons
 a - a +1 demon whip of venom (weapon)
Missiles
 l - a throwing net
 o - 6 curare-tipped darts
Armour
 b - a +0 robe (worn)
 c - a +0 hat (worn)
Jewellery
 n - the ring of Syndicalism (left hand) {Wiz rCorr Int+4 Dex+2 Stlth-}
   (You found it on level 2 of the Dungeon)

   [ring of wizardry]

   It improves your spell success rate.
   Int:       It affects your intelligence (+4).
   Dex:       It affects your dexterity (+2).
   rCorr:     It protects you from acid and corrosion.
   Stlth:     It makes you less stealthy.
Scrolls
 e - 2 scrolls of identify {unknown}
 h - a scroll of amnesia {unknown}
 i - 2 scrolls of silence {unknown}
 k - 2 scrolls of fog {unknown}
Potions
 d - a potion of magic
 f - 2 potions of curing {unknown}
 g - a potion of might {unknown}
 j - 3 potions of brilliance {unknown}
 m - a potion of haste {unknown}
 p - a potion of cancellation {unknown}


   Skills:
 + Level 0.9 Fighting
 + Level 0.9 Armour
 - Level 2.4 Dodging
 - Level 2.4 Stealth
 * Level 5.2 Spellcasting
 + Level 1.8 Conjurations
 - Level 1.1 Summonings
 - Level 1.1 Translocations


You had 4 spell levels left.
You knew the following spells:

 Your Spells              Type           Power      Damage    Failure   Level
a - Magic Dart            Conj           60%        1d6       1%          1
b - Mephitic Cloud        Conj/Pois/Air  9%         N/A       9%          3
c - Call Imp              Summ           22%        N/A       3%          2
d - Blink                 Tloc           22%        N/A       3%          2

Your spell library contained the following spells:

 Spells                   Type           Power      Damage    Failure   Level
 Kiss of Death            Conj/Necr      40%        2d8       2%          1
 Slow                     Hex            24%        N/A       3%          1
 Cigotuvi's Dreadful Rot  Necr/Pois/Air  12%        N/A       5%          2
 Confusing Touch          Hex            6%         N/A       11%         3
 Dispel Undead            Necr           6%         3d8       32%         4


Dungeon Overview and Level Annotations

Branches:
Dungeon (3/15)

Altars:
Xom


Message History

Aiming: Magic Dart (safe; 1% risk of failure)
Press: ? - help, Shift-Dir - straight line, f/p - crimson imp
Aim: a crimson imp, wielding a +1 dagger of chaos (lightly wounded, 100% to hit)
The magic dart hits the crimson imp.
The crimson imp is moderately wounded.
The crimson imp blinks!
The crimson imp hits you with a +1 dagger of chaos.
The crimson imp burns you.
Casting: Magic Dart (safe; 1% risk of failure)
Confirm with . or Enter, or press ? or * to list all spells.
Aiming: Magic Dart (safe; 1% risk of failure)
Press: ? - help, Shift-Dir - straight line, f/p - crimson imp
Aim: a crimson imp, wielding a +1 dagger of chaos (lightly wounded, 100% to hit)
The magic dart hits the crimson imp.
The crimson imp is moderately wounded.
The crimson imp hits you with a +1 dagger of chaos.
Space warps horribly around you!
Ouch! That really hurt!
* * * LOW HITPOINT WARNING * * *
Unknown command.
Casting: Magic Dart (safe; 1% risk of failure)
Confirm with . or Enter, or press ? or * to list all spells.
You blink.
Unknown command.
The crimson imp blinks!
Casting: Blink (safe; 3% risk of failure)
Confirm with . or Enter, or press ? or * to list all spells.
A tiny devil pulls itself out of the air.
The crimson imp barely misses you.
The crimson imp laughs crazily.
Your cerulean imp misses the crimson imp.
The crimson imp blinks!
The crimson imp attacks as you move away!
The crimson imp barely misses you.
You feel stable enough to blink again.
The crimson imp sputters.
Your cerulean imp misses the crimson imp.
The crimson imp attacks as you move away!
The crimson imp hits you.
You die...

#######.#### #.......#
####§#####.#
#§5....§##.#
###.55####.#
############.5§5.^§##.#
...........## #§#####.#
.......####.###.# #.# #
##...5@5.....# #.# #
#..###..##### #.# # #..
#.5#########.# # #..
#..5.........#### #..
#................ #..
#.##############.
##..###.#....†........)
........#.############.
##..###.#†# #.


You could see 3 crimson imps and a friendly cerulean imp (summoned).

Vanquished Creatures
  4 dart slugs
  2 ball pythons
  4 bats
  An endoplasm (D:1)
  2 giant cockroaches
  3 hobgoblins
  A quokka (D:3)
  4 frilled lizards
  6 goblins
  A kobold (D:2)
  6 rats
  A spectral hobgoblin (D:2)
35 creatures vanquished.

Notes
Turn   | Place    | Note
-------+----------+-------------------------------------------
     0 | D:1      | pokeman the Deep Elf Hedge Wizard began the quest for the
                  | Orb.
     0 | D:1      | Reached XP level 1. HP: 10/10 MP: 7/7
   428 | D:1      | Reached XP level 2. HP: 16/16 MP: 1/9
   894 | D:2      | Found a faded altar of an unknown god.
   967 | D:2      | Reached skill level 5 in Spellcasting
  1220 | D:2      | Identified the ring of Syndicalism {Wiz rCorr Int+4 Dex+2
                  | Stlth-}
  1424 | D:2      | Reached XP level 3. HP: 20/20 MP: 8/11
  1433 | D:2      | Learned a level 3 spell: Mephitic Cloud
  1436 | D:2      | Learned a level 2 spell: Blink
  1439 | D:2      | Learned a level 2 spell: Call Imp
  2039 | D:3      | Found a shimmering altar of Xom.
  2055 | D:3      | Slain by a crimson imp

Illustrated notes

Levels and vault maps discovered:
D:1:      nzn_arrival_crosshair, layout_basic, minmay_hedge_maze
D:2:      layout_loops_cross, dreamdust_ecumenical_altar_drowned_temple,
          chequers_serial_rivers_small_b
D:3:      layout_loops_ring, led_xom_imps, led_sif_book

Skill      XL: |  1  2 |
---------------+-------+-----
Spellcasting   | 5 |  5.2
Fighting       | |  0.9
Armour         | |  0.9
Dodging        | |  2.4
Stealth        | |  2.4
Conjurations   | |  1.8
Summonings     | |  1.1
Translocations | |  1.1

Action                     || total
---------------------------++-------
   Cast: Magic Dart        ||    88
         Blink             ||     1
         Call Imp          ||     1
 Armour: Robe              ||     5
  Dodge: Dodged            ||     8

Table legend: (Time is in decaauts)
 A = Elapsed time spent in this place.
 B = Non-inter-level travel time spent in this place.
 C = Inter-level travel time spent in this place.
 D = Time resting spent in this place.
 E = Time spent auto-exploring this place.
 F = Levels seen in this place.
 G = Mean time per level.
                   A        B        C        D        E       F      G
               +--------+--------+--------+--------+--------+-----+--------+
         Total |   2064 |   2016 |     48 |      0 |   1809 |   3 |  688.0 |
       Dungeon |   2064 |   2016 |     48 |      0 |   1809 |   3 |  688.0 |
               +--------+--------+--------+--------+--------+-----+--------+

Top non-repeatable levels by time:
     D:1: 882 daAuts
     D:2: 754 daAuts
     D:3: 428 daAuts
